 Dungeon Crawl Stone Soup version 0.17-a0-1887-g3e50df6 (webtiles) character file.

1537 mcbry74 the Grappler (level 8, -14/81 HPs)
             Began as a Troll Monk on Sept 23, 2015.
             Was a Believer of Ru.
             Demolished by an orc warrior
             ... wielding a +0 glaive
              (20 damage)
             ... on level 7 of the Dungeon.
             The game lasted 00:47:30 (4941 turns).

mcbry74 the Grappler (Troll Monk)                   Turns: 4941, Time: 00:47:30

Health: -14/81     AC:  7    Str: 18 (20) XL:     8   Next: 56%
Magic:  7/7        EV: 13    Int:  8      God:    Ru [**....]
Gold:   381        SH:  0    Dex: 12      Spells: 0 memorised, 7 levels left

rFire  . . .     SeeInvis .       - Unarmed
rCold  . . .     Clarity  .     a - +1 robe
rNeg   . . .     SustAt   .     (no shield)
rPois  .         Gourm    +     (helmet restricted)
rElec  .         Spirit   .     (no cloak)
rCorr  .         Warding  .     (gloves unavailable)
rMut   .         Stasis   .     (boots unavailable)
MR     ++...                    (no amulet)
Stlth  +.........               e - ring of protection from magic
                                c - ring of protection from magic

@: no scrolls, very resistant to hostile enchantments, very unstealthy
A: unfitting armour, claws 3, repulsion field 1, rugged brown scales 1,
deterioration 1, fast metabolism 3, gourmand, regeneration 2, shaggy fur 1,
tough skin 2, inability to read while threatened, missing an eye
a: Renounce Religion


You were on level 7 of the Dungeon.
You worshipped Ru.
Ru was pleased with you.
You were not hungry.

You visited 2 branches of the dungeon, and saw 8 of its levels.
You also visited: Sewer.

You collected 381 gold pieces.

Inventory:

Armour
 a - a +1 robe (worn)
Jewellery
 c - a ring of protection from magic (left claw)
 e - a ring of protection from magic (right claw)
Magical devices
 f - a wand of random effects (38)
 m - a wand of enslavement (9)
Scrolls
 i - 7 scrolls of remove curse
 k - 2 scrolls of fear
 n - 7 scrolls of identify
 o - 5 scrolls of amnesia
 p - a scroll of enchant armour
 t - 2 scrolls of teleportation {unknown}
 x - a scroll of noise {unknown}
 y - a scroll of blinking {unknown}
 z - a scroll of magic mapping {unknown}
 A - 2 scrolls of fog
 B - 3 scrolls of enchant weapon {unknown}
Potions
 d - 5 potions of curing
 l - 3 potions of heal wounds
 q - 2 potions of agility
 u - a potion of brilliance
 w - 2 potions of flight
Comestibles
 b - 5 bread rations
 g - 2 beef jerkies
 h - 2 slices of pizza
 j - 6 fruits
 r - 3 meat rations
 s - 2 chunks of flesh
 v - a royal jelly


   Skills:
 - Level 4.4 Fighting
 + Level 4.2 Dodging
 - Level 1.1 Stealth
 * Level 9.7 Unarmed Combat


You had 7 spell levels left.
You didn't know any spells.

Dungeon Overview and Level Annotations

Branches:
Dungeon (7/15)             Temple (1/1) D:6

Altars:
Ashenzari
Cheibriados
Elyvilon
Gozag
Kikubaaqudgha
Makhleb
Nemelex Xobeh
Okawaru
Ru
Sif Muna
Trog
Vehumet
Xom
Yredelemnul
Zin
The Shining One


Innate Abilities, Weirdness & Mutations

You are too large for most types of armour.
You have claws for hands.
Your metabolism is lightning-fast.
You like to eat raw meat.
You heal very quickly.
You are covered in fur (AC +1).
You have very tough skin (AC +2).
You cannot read scrolls while threatened.
You are missing an eye, making it more difficult to aim.
You are surrounded by a mild repulsion field (EV +2).
You are partially covered in rugged brown scales (AC +1, +3% HP).
Your body sometimes deteriorates upon taking damage.


Message History

You scratch the orc warrior.
The orc warrior is heavily wounded.
You closely miss the orc warrior.
The orc warrior is heavily wounded.
The orc warrior barely misses you.
You miss the orc warrior.
The orc warrior is heavily wounded.
You closely miss the orc warrior. Your claw misses the orc warrior.
The orc warrior is heavily wounded.
The orc warrior barely misses you.
You claw the orc warrior!
The orc warrior is severely wounded.
The orc warrior hits you with a glaive!
* * * LOW HITPOINT WARNING * * *
You miss the orc warrior.
The orc warrior is severely wounded.
You completely miss the orc warrior.
The orc warrior is severely wounded.
The orc warrior hits you with a glaive!!
You die...

#########.###.#######
#.#..........
#.#.#.####### #.#.#.#
#.#.#.# #.#.#.#### #
#.#.#.....
#.#..###......#
....ooo@......#
#.##oo###.....# ....
......... #.#.
#......#.# # #
..#.####.# ...#.# #
... .. .#


You could see 2 orc warriors and 3 orcs.

Vanquished Creatures
  Prince Ribbit (D:6)
  A phantom (D:5)
  A big kobold (Sewer)
  Blork the orc (D:5)
  A scorpion (D:5)
  A giant frog (D:6)
  A killer bee (D:6)
  2 crimson imps
  2 giant frog zombies
  2 hounds
  3 orc priests
  7 orc wizards
  A giant frog skeleton (D:4)
  Terence (D:2)
  Natasha (thrice) (D:4)
  6 worker ants
  A hound skeleton (D:5)
  12 adders
  A river rat (Sewer)
  An ooze (D:3)
  An adder zombie (D:1)
  2 adder skeletons (D:4)
  4 worms
  2 giant geckos
  21 orcs
  A ball python (D:2)
  5 bats
  7 giant cockroaches
  5 goblins
  10 hobgoblins
  6 jackals
  A giant gecko zombie (D:1)
  2 giant newts (D:1)
  16 kobolds
  2 quokkas
  18 rats
152 creatures vanquished.

Notes
Turn   | Place    | Note
--------------------------------------------------------------
     0 | D:1      | mcbry74 the Troll Monk began the quest for the Orb.
     0 | D:1      | Reached XP level 1. HP: 22/22 MP: 0/0
   205 | D:1      | Reached XP level 2. HP: 29/29 MP: 1/1
   677 | D:1      | Reached skill level 5 in Unarmed Combat
   677 | D:1      | Reached XP level 3. HP: 33/36 MP: 2/2
  1186 | D:2      | Noticed Terence
  1194 | D:2      | Killed Terence
  1194 | D:2      | Reached XP level 4. HP: 31/44 MP: 3/3
  1529 | D:2      | Found a basalt altar of Yredelemnul.
  1973 | D:3      | Found a sacrificial altar of Ru.
  1985 | D:3      | Became a worshipper of Ru the Awakened
  1993 | D:3      | Gained mutation: You cannot read scrolls while threatened. [Ru sacrifice]
  1993 | D:3      | Acquired Ru's first power
  2231 | D:3      | Found a burning altar of Makhleb.
  2233 | D:3      | Noticed a blizzard demon
  2237 | D:3      | Noticed a hellwing
  2237 | D:3      | Noticed an orange demon
  2567 | D:4      | Found an opulent altar of Gozag.
  2598 | D:4      | Reached skill level 6 in Unarmed Combat
  2598 | D:4      | Reached XP level 5. HP: 47/50 MP: 4/4
  2707 | D:4      | Reached XP level 6. HP: 56/59 MP: 5/5
  2750 | D:4      | Found a glowing drain.
  2785 | D:4      | Found a sparkling altar of Nemelex Xobeh.
  2806 | Sewer    | Entered a sewer
  2883 | Sewer    | Reached skill level 7 in Unarmed Combat
  2920 | Sewer    | Found a white marble altar of Elyvilon.
  3053 | D:4      | Noticed Natasha
  3058 | D:4      | Killed Natasha
  3111 | D:4      | Noticed Natasha
  3118 | D:4      | Killed Natasha
  3229 | D:4      | Noticed Natasha
  3231 | D:4      | Killed Natasha
  3314 | D:4      | Reached XP level 7. HP: 44/66 MP: 6/6
  3561 | D:5      | Entered Level 5 of the Dungeon
  3562 | D:5      | Noticed Blork the orc
  3580 | D:5      | Killed Blork the orc
  3580 | D:5      | Reached skill level 8 in Unarmed Combat
  3673 | D:5      | Gained mutation: Your body sometimes deteriorates upon taking damage. [potion of mutation]
  3673 | D:5      | Gained mutation: You are partially covered in rugged brown scales (AC +1, +3% HP). [potion of mutation]
  3673 | D:5      | Gained mutation: You are surrounded by a mild repulsion field (EV +2). [potion of mutation]
  3877 | D:5      | Reached XP level 8. HP: 77/77 MP: 7/7
  3883 | D:5      | Gained mutation: You are missing an eye, making it more difficult to aim. [Ru sacrifice]
  3883 | D:5      | Acquired Ru's second power
  4006 | D:6      | Noticed a moth of wrath
  4009 | D:6      | Found a bloodstained altar of Trog.
  4023 | D:6      | Reached skill level 9 in Unarmed Combat
  4065 | D:6      | Noticed Prince Ribbit
  4093 | D:6      | Killed Prince Ribbit
  4361 | D:6      | Found a staircase to the Ecumenical Temple.
  4382 | Temple   | Entered the Ecumenical Temple
  4941 | D:7      | Demolished by an orc warrior

Vault maps used:
D:1:      saegor_arrival_fortress
D:2:      yredelemnul_altar_generic, uniq_terence
D:3:      nicolae_ru_awakened_eye, makhleb_altar_promises_db
D:4:      lemuel_crystal_altar, first_bread, gup_sewer_entry_pipe,
          nemelex_lonely_heart_becter, uniq_natasha
D:5:      guppyfry_early_lair_pool, uniq_blork_the_orc
D:6:      tgw_trog, minmay_temple_entry_nine_rooms, item_on_display_a,
          uniq_prince_ribbit1
D:7:      lemuel_crystal_altar, kennysheep_mini
Temple:   zaba_magenta_temple_12
Sewer:    sewer_kobolds

Action                   |  1- 3 |  4- 6 |  7- 9 || total
-------------------------+-------+-------+-------++-------
Melee: Unarmed           |    92 |   174 |   176 ||   442
Invok: Sacrifice Words   |       |     1 |       ||     1
       Sacrifice an Eye  |       |       |     1 ||     1
  Use: Scroll            |       |     8 |       ||     8
       Potion            |       |     1 |     6 ||     7
 Stab: Sleeping          |     2 |     4 |     2 ||     8
       Invisible         |       |       |     1 ||     1
  Eat: Chunk             |     7 |    18 |    14 ||    39
       Bread ration      |       |     1 |       ||     1
